 Dungeon Crawl Stone Soup version 0.24-a0-378-g94936e539c (webtiles) character file.

Game seed: 4660123420658597459

13 HAL9000 the Sneak (level 2, 0/15 HPs)
             Began as a Vine Stalker Assassin on June 2, 2019.
             Succumbed to an adder's poison
             ... on level 1 of the Dungeon.
             The game lasted 00:01:26 (977 turns).

HAL9000 the Sneak (Vine Stalker Assassin)            Turns: 977, Time: 00:01:26

Health: 0/15       AC:  3    Str: 13    XL:     2   Next: 37%
Magic:  3/3        EV: 11    Int: 11    God:
Gold:   58         SH:  0    Dex: 15    Spells: 1/1 levels left

rFire    . . .     SeeInvis .   a - +2 dagger
rCold    . . .     Gourm    .   (no shield)
rNeg     . . .     Faith    .   b - +0 robe
rPois    .         Spirit   +   (no helmet)
rElec    .         Reflect  .   c - +0 cloak
rCorr    .         Harm     .   (no gloves)
MR       .....                  (no boots)
Stlth    +.........             (no amulet)
HPRegen  0.05/turn              (no ring)
MPRegen  0.08/turn              (no ring)

@: confused, lethally poisoned (0 -> -17)
A: fangs 2, magic shield, antimagic bite, no potion heal 3, rot immunity
a: no special abilities


You were on level 1 of the Dungeon.
You were not hungry.

You visited 1 branch of the dungeon, and saw 2 of its levels.

You collected 58 gold pieces.

Inventory:

Hand Weapons
 a - a +2 dagger (weapon)
Missiles
 d - 8 poisoned darts (quivered)
 e - 2 curare-tipped darts
Armour
 b - a +0 robe (worn)
 c - a +0 cloak (worn)
 m - a +0 helmet
Jewellery
 i - an uncursed ring of ice {unknown}
Scrolls
 g - a scroll of blinking {unknown}
 j - a scroll of identify {unknown}
 l - a scroll of remove curse {unknown}
Potions
 h - a potion of might {unknown}
 k - a potion of ambrosia
Comestibles
 f - 4 rations


   Skills:
 - Level 1.7 Fighting
 + Level 2.7 Short Blades
 - Level 1.7 Throwing
 - Level 0.7 Dodging
 - Level 4.8 Stealth


You had one spell level left.
You didn't know any spells.
Your spell library was empty.

Dungeon Overview and Level Annotations

Branches:
Dungeon (2/15)

Altars:


Innate Abilities, Weirdness & Mutations

You have extremely sharp teeth.
When hurt, damage is shared between your health and your magic reserves.
Your bite disrupts and absorbs the magic of your enemies.
Potions cannot restore your health.
You are immune to rotting.


Message History

You hit the adder.
The adder is moderately wounded.
You feel sick. The adder bites you.
You are more poisoned.
The adder poisons you!
You closely miss the adder.
The adder is moderately wounded.
The adder bites you.
* * * LOW HITPOINT WARNING * * *
You hit the adder. Your bite misses the adder.
The adder is severely wounded.
* * * LOW HITPOINT WARNING * * *
You feel sick. The adder bites you.
* * * LOW HITPOINT WARNING * * *
You are more poisoned.
The adder poisons you! The adder barely misses you.
It was a potion of ambrosia.
You are confused.
Your system rejects the healing.
You feel invigorated.
You die...

.......# #.# #.# ..###..#
##.# #.# ..# #..# #..#
#.# ..# #..# #.## #.#
..###..# #.# #.#
....#..####.####.########
....#...................#
....#.#####.##..#.#####.#
..###........#..@S.# #.#
..# ######.#.......#
#.### #.# #...#.)...#
#...# #.#### ##.##..####
###.# #....# #.......#
#.# ####.# #.......# #.#
#.#####.......# #.#
#...).........# #.#
#.#####.......# #.#


You could see an adder.

Vanquished Creatures
  A worm (D:2)
  A dart slug (D:1)
  3 hobgoblins
  A bat (D:2)
  A frilled lizard (D:1)
  A kobold (D:1)
  A rat (D:1)
9 creatures vanquished.

Notes
Turn   | Place    | Note
-------+----------+-------------------------------------------
     0 | D:1      | HAL9000 the Vine Stalker Assassin began the quest for the
                  | Orb.
     0 | D:1      | Reached XP level 1. HP: 11/11 MP: 2/2
   375 | D:1      | Reached XP level 2. HP: 15/15 MP: 1/3
   977 | D:1      | Succumbed to an adder's poison

Levels and vault maps discovered:
D:1:      nzn_arrival_water_spiral, layout_loops_ring
D:2:      layout_rooms, first_ration

Skill      XL: |  1 |
---------------+----+-----
Short Blades   | 2 |  2.7
Fighting       | |  1.7
Throwing       | |  1.7
Dodging        | |  0.7
Stealth        | |  4.8

Action                   || total
-------------------------++-------
Melee: Dagger            ||    22
       Bite              ||     4
Throw: Dart              ||     1
  Use: Potion            ||     1
 Stab: Sleeping          ||     5
Armor: Robe              ||    18
Dodge: Dodged            ||    18

Table legend:
 A = Non-vault XP
 B = Vault XP
 C = Vault XP percentage of total XP
 D = Non-vault monster count
 E = Vault monster count
 F = Vault count percentage of total count
                 A         B        C        D         E       F
            +---------+---------+-------+---------+---------+-------
      Total |      19 |       0 |   0.0 |       9 |       0 |   0.0
            +---------+---------+-------+---------+---------+-------
        D:1 |      11 |       0 |   0.0 |       6 |       0 |   0.0
        D:2 |       8 |       0 |   0.0 |       3 |       0 |   0.0
            +---------+---------+-------+---------+---------+-------
